 Dungeon Sprint DCSS version 0.29-a0-338-g1ff7896281 (webtiles) character file.

Game seed: 17387287123883912208

18 HendSelp the Chopper (level 2, 0/30 HPs)
             Began as a Hill Orc Monk on Apr 18, 2022.
             Was a Priest of Makhleb.
             Slain by a ball python skeleton (1 damage)
             ... in the Dungeon (Sprint VII: "The Pits").
             The game lasted 00:00:53 (291 turns).

HendSelp the Chopper (Hill Orc Monk)                 Turns: 291, Time: 00:00:53

Health: 0/30       AC:  2    Str: 13    XL:     2   Next: 66%
Magic:  2/2        EV:  9    Int: 10    God:    Makhleb [***...]
Gold:   0          SH:  0    Dex: 13    Spells: 1/1 levels left

rFire   . . .      SeeInvis .   j - +2 hand axe
rCold   . . .      Faith    .   (no shield)
rNeg    . . .      Spirit   .   b - +0 robe
rPois   .          Reflect  .   (no helmet)
rElec   .          Harm     .   (no cloak)
rCorr   .          Rampage  .   (no gloves)
Will    .....      NoTele   +   (no boots)
Stlth   ++........              (no amulet)
HPRegen 0.10/turn               (no ring)
MPRegen 0.08/turn               (no ring)

@: constricted
A: no striking features
a: Renounce Religion, Minor Destruction, Lesser Servant of Makhleb


You were in the Dungeon.
You worshipped Makhleb.
Makhleb was most pleased with you.
You visited 1 branch

Inventory:

Hand Weapons
 j - a +2 hand axe (weapon)
Armour
 b - a +0 robe (worn)
Scrolls
 i - a scroll of blinking
 k - 5 scrolls of amnesia
 l - a scroll of summoning
Potions
 a - 2 potions of invisibility
 c - a potion of ambrosia
 f - a potion of haste
 g - 4 potions of magic
 h - 3 potions of berserk rage


   Skills:
 * Level 5.6 Fighting
 * Level 6.2 Axes
 - Level 2.4 Dodging
 - Level 1.5 Stealth


You had one spell level left.
You didn't know any spells.
Your spell library was empty.

Dungeon Overview and Level Annotations

Branches:
Dungeon (1/1)

Altars:
Ashenzari
Cheibriados
Dithmenos
Elyvilon
Fedhas
Gozag
Hepliaklqana
Kikubaaqudgha
Makhleb
Nemelex Xobeh
Okawaru
Qazlal
Ru
Sif Muna
Trog
Uskayaw
Vehumet
Wu Jian
Xom
Yredelemnul
Zin
The Shining One
Beogh
Jiyva
Lugonu


Message History

The fire bat closely misses you.
You hit the hobgoblin.
The hobgoblin is moderately wounded.
You hit the ball python skeleton but do no damage.
The fire bat misses you.
The ball python skeleton closely misses you.
The ball python skeleton barely misses you.
The hobgoblin closely misses you.
You hit the hobgoblin.
You kill the hobgoblin!
Makhleb accepts your kill.
You feel better.
You hit the ball python skeleton. The fire bat bites you.
You are engulfed in flames!
The ball python skeleton closely misses you.
The ball python skeleton grabs you.
The ball python skeleton constricts you.
You hit the ball python skeleton.
The ball python skeleton is severely damaged.
The fire bat bites you.
You are engulfed in flames!
* * * LOW HITPOINT WARNING * * *
The ball python skeleton barely misses you.
The ball python skeleton constricts you.
* * * LOW HITPOINT WARNING * * *
You feel much better. The fire bat bites you.
You are engulfed in flames!
The ball python skeleton bites you but does no damage.
The ball python skeleton constricts you.
You are too injured to fight recklessly!
You are too injured to fight recklessly!
Unknown command.
You feel better. The fire bat bites you.
You are engulfed in flames!
The ball python skeleton barely misses you.
The ball python skeleton constricts you.
Unknown command.
The ball python skeleton's grasp on you weakens, but your attempt to escape fails.
The fire bat bites you.
* * * LOW HITPOINT WARNING * * *
You are engulfed in flames.
* * * LOW HITPOINT WARNING * * *
The ball python skeleton bites you.
You die...

#.?(.')))'.##......#..#.
##########.##...........
#.........).'...........
#+#####†#####......#..#.
#.....##...........
#####'#####'#####++
#...†.##.......#
#.†...##.......#
###@####.......#
#...Z.##...<...#
..b.....##.......#
#........##.......#
###########.......#
#########


You could see a fire bat and a ball python skeleton.

Vanquished Creatures
  A gnoll (D)
  A bat skeleton (D)
  2 hobgoblins (D)
  2 jackals (D)
  2 rats (D)
8 creatures vanquished.

Notes
Turn   | Place    | Note
-------+----------+-------------------------------------------
     0 | D        | HendSelp the Hill Orc Monk began the quest for the Orb.
     0 | D        | Reached XP level 1. HP: 19/19 MP: 1/1
    19 | D        | Reached skill level 5 in Fighting
    19 | D        | Reached skill level 5 in Axes
    19 | D        | Reached XP level 2. HP: 18/29 MP: 2/2
    47 | D        | Found a bloodstained altar of Trog.
    47 | D        | Found a shimmering blue altar of Sif Muna.
    47 | D        | Found a viscous altar of Jiyva.
    47 | D        | Found a hazy altar of Hepliaklqana.
    47 | D        | Found an opulent altar of Gozag.
    48 | D        | Found a glowing golden altar of the Shining One.
    48 | D        | Found a glowing silver altar of Zin.
    48 | D        | Found a basalt altar of Yredelemnul.
    48 | D        | Found a shimmering altar of Xom.
    48 | D        | Found an ornate altar of the Wu Jian Council.
    48 | D        | Found a sacrificial altar of Ru.
    48 | D        | Found a stormy altar of Qazlal.
    48 | D        | Found an iron altar of Okawaru.
    48 | D        | Found a sparkling altar of Nemelex Xobeh.
    48 | D        | Found a burning altar of Makhleb.
    48 | D        | Found a blossoming altar of Fedhas.
    48 | D        | Found a white marble altar of Elyvilon.
    48 | D        | Found a shadowy altar of Dithmenos.
    48 | D        | Found a snail-covered altar of Cheibriados.
    50 | D        | Found a radiant altar of Vehumet.
    50 | D        | Found a corrupted altar of Lugonu.
    50 | D        | Found a roughly hewn altar of Beogh.
    51 | D        | Found a hide-covered altar of Uskayaw.
    51 | D        | Found an ancient bone altar of Kikubaaqudgha.
    51 | D        | Found a broken altar of Ashenzari.
    60 | D        | Became a worshipper of Makhleb the Destroyer
    60 | D        | Reached * piety under Makhleb
    60 | D        | Reached ** piety under Makhleb
    88 | D        | Reached skill level 6 in Axes
   281 | D        | Reached *** piety under Makhleb
   283 | D        | Noticed a fire bat
   291 | D        | HP: 1/30 [fire bat (5)]
   291 | D        | Slain by a ball python skeleton

Illustrated notes

Levels and vault maps discovered:
D:        pitsprint [storerooms_1, entrance_room_1, metal_vault_4, armoury_1,
          mini_pit_1, grid_room_1, main_hall_1, silver_pit, the_coven_2,
          the_vestibule_1, steel_vault_3, golden_pit, hallway_of_sentries,
          crystal_vault_6, iron_vault_1, final_vault]

Skill      XL: |  1  2 |
---------------+-------+-----
Fighting       | 5 |  5.6
Axes           | 5 6 |  6.2
Dodging        | |  2.4
Stealth        | |  1.5

Action                   || total
-------------------------++-------
Melee: Hand axe          ||    26
  Use: Potion            ||     2
 Stab: Sleeping          ||     3
Armor: Robe              ||     7
Dodge: Dodged            ||    25

Table legend: (Time is in decaauts)
 A = Elapsed time spent in this place.
 B = Non-inter-level travel time spent in this place.
 C = Inter-level travel time spent in this place.
 D = Time resting spent in this place.
 E = Time spent auto-exploring this place.
 F = Levels seen in this place.
 G = Mean time per level.
                   A        B        C        D        E       F      G
               +--------+--------+--------+--------+--------+-----+--------+
         Total |    291 |    291 |      0 |    179 |      0 |   1 |  291.0 |
       Dungeon |    291 |    291 |      0 |    179 |      0 |   1 |  291.0 |
               +--------+--------+--------+--------+--------+-----+--------+

Top non-repeatable levels by time:
       D: 291 daAuts
